[Event "Early-Titled-Tuesday-Blitz-May-28-2024"]
[Site "Chess.com"]
[Date "2024.05.28"]
[Round "5"]
[White "TatjanaVasilevich"]
[Black "kekic76"]
[Result "1-0"]
[WhiteElo "2589"]
[BlackElo "2341"]
[TimeControl "180+1"]
[EndTime "8:54:38 PDT"]
[Termination "TatjanaVasilevich won by resignation"]

1. d4 d5 2. c4 e6 3. Nc3 Nf6 4. cxd5 exd5 5. Bg5 Be7 6. e3 O-O 7. Bd3 h6 8. Bh4 Be6 9. Nge2 c6 10. f3 Nbd7 11. Bf2 c5 12. O-O b6 13. Rc1 Rc8 14. Bb1 cxd4 15. Nxd4 Nc5 16. Re1 Bd6 17. Ncb5 Bb8 18.
b4 Na6 19. Nc6 Qd7 20. Nbd4 Qd6 21. Bg3 Qd7 22. Nxb8 Nxb8 23. Qd3 Nc6 24. Nxc6 Rxc6 25. Be5 Bf5 26. Qxf5 Qxf5 27. Bxf5 1-0

[Event "Early-Titled-Tuesday-Blitz-May-28-2024"]
[Site "Chess.com"]
[Date "2024.05.28"]
[Round "5"]
[White "SaraBlackPanther"]
[Black "WindWhistler11"]
[Result "1-0"]
[WhiteElo "2753"]
[BlackElo "2547"]
[TimeControl "180+1"]
[EndTime "8:54:44 PDT"]
[Termination "SaraBlackPanther won on time"]

1. d4 Nf6 2. c4 e6 3. Nc3 c5 4. d5 exd5 5. cxd5 Bd6 6. Nf3 O-O 7. g3 Re8 8. Bg2 Bf8 9. O-O d6 10. Nd2 b6 11. b3 Ba6 12. a4 g6 13. Bb2 Nbd7 14. Re1 Rc8 15. Nb5 Bxb5 16. axb5 Rc7 17.
Nc4 Ng4 18. e4 Nge5 19. f4 Nxc4 20. bxc4 Bg7 21. Bxg7 Kxg7 22. Ra3 f6 23. Qa1 Qb8 24. Bh3 Nf8 25. e5 dxe5 26. fxe5 Rf7 27. e6 1-0

[Event "Early-Titled-Tuesday-Blitz-May-28-2024"]
[Site "Chess.com"]
[Date "2024.05.28"]
[Round "5"]
[White "Sl4werThanYou"]
[Black "Al_Shima"]
[Result "1-0"]
[WhiteElo "2733"]
[BlackElo "2485"]
[TimeControl "180+1"]
[EndTime "8:54:45 PDT"]
[Termination "Sl4werThanYou won by resignation"]

1. e4 d5 2. exd5 Nf6 3. c4 e6 4.
dxe6 Bxe6 5. d4 Bb4+ 6. Bd2 Qe7 7. Be2 Bxc4 8. Qa4+ b5 9. Qxb4 Qe6 10. Nc3 Nc6 11. Qc5 Rd8 12. Nf3 Ne4 13. Nxe4 Qxe4 14. Be3 Bxe2 15. Kxe2 Rd6 16. Rhe1 O-O 17. Kf1 Qd3+ 18. Kg1 Rfd8 19. Rad1 Qg6 20. h3 Rd5 21. Qc3 b4 22.
Qd3 Qe6 23. Rc1 Qd6 24. Qc4 Ne7 25. Qxc7 Qxc7 26. Rxc7 Nf5 27. Rxa7 1-0

[Event "Early-Titled-Tuesday-Blitz-May-28-2024"]
[Site "Chess.com"]
[Date "2024.05.28"]
[Round "5"]
[White "dropstoneDP"]
[Black "KhBegmuratov"]
[Result "1-0"]
[WhiteElo "2973"]
[BlackElo "2682"]
[TimeControl "180+1"]
[EndTime "8:54:46 PDT"]
[Termination "dropstoneDP won by resignation"]

1. e4 e5 2. Nf3 Nc6 3. Bc4 Bc5 4. c3 Nf6 5. d3 d6 6. Nbd2 a6 7. a4 h6 8. h3 O-O 9. g4 d5 10. exd5 Nxd5 11. g5 hxg5 12. Ne4 Be7 13. Nfxg5 f6 14. Qf3 fxg5 15. Bxd5+ Qxd5 16. Nf6+ Rxf6 17. Qxd5+ Be6 18. Qe4 Rd8 19. Rg1 Bf5 20. Qg2 Rxd3 21. Bxg5 Rg6 22. h4 e4 23. Rd1 Bxg5 24. hxg5 Ne5 25.
Rxd3 Nxd3+ 26. Kd2 Rd6 27. Qh2 Ne5+ 28. Kc1 Nf3 29.
Qf4 Nxg1 30. Qxf5 Ne2+ 31. Kc2 e3 32. fxe3 Ng3 33. Qc8+ Kh7 34. Qh3+ 1-0

[Event "Early-Titled-Tuesday-Blitz-May-28-2024"]
[Site "Chess.com"]
[Date "2024.05.28"]
[Round "5"]
[White "DarZay"]
[Black "Triumphmate"]
[Result "0-1"]
[WhiteElo "2295"]
[BlackElo "2494"]
[TimeControl "180+1"]
[EndTime "8:54:50 PDT"]
[Termination "Triumphmate won by resignation"]

1. e4 d5 2. exd5 Nf6 3. Bb5+ c6 4. dxc6 Nxc6 5. Bxc6+ bxc6 6. d4 Bg4 7. f3 Bf5 8. Ne2 e6 9. O-O Bd6 10. Bf4 O-O 11.
c3 Bxf4 12. Nxf4 Qb8 13. Qd2 Rd8 14. b3 e5 15. Ne2 exd4 16. cxd4 c5 17. Nbc3 cxd4 18.
Nxd4 Qb6 19. Ne2 Re8 20. Rfd1 Rad8 21. Kf1 Bc8 22. Qg5 Ba6 23. Kf2 Rxe2+ 24. Kg3 Rxd4 25. Rxd4 Qxd4 26. Qa5 Qxa1 27. Qxa6 Qe5+ 28. Kh3 Qe6+ 29. Qxe6 fxe6 0-1

[Event "Early-Titled-Tuesday-Blitz-May-28-2024"]
[Site "Chess.com"]
[Date "2024.05.28"]
[Round "5"]
[White "EggLoser"]
[Black "eightbyeightchess"]
[Result "1-0"]
[WhiteElo "2289"]
[BlackElo "2416"]
[TimeControl "180+1"]
[EndTime "8:54:53 PDT"]
[Termination "EggLoser won by resignation"]

1. e4 d5 2. exd5 Nf6 3. Nf3 Qxd5 4. d4 Bg4 5. Be2 Nc6 6. O-O O-O-O 7. Be3 Qh5 8. h3 e5 9. hxg4 Nxg4 10. Nh4 Qxh4 11. Bxg4+ f5 12. Bxf5+ Kb8 13. Qg4 Qxg4 14. Bxg4 exd4 15. Bf4 d3 16. c3 h5 17. Bf3 Na5 18.
Nd2 Be7 19. Rfe1 Bf6 20. Ne4 Rdf8 21. Nxf6 Rxf6 22. Be5 Rf5 23. b3 Rd8 24. Rad1 g5 25. Bxh5 Nc6 26. Bd4 d2 27. Re2 a5 28. Rexd2 Rdf8 29. Bf3 Ne7 30. Be4 Rf3 31. Bxf3 1-0

[Event "Early-Titled-Tuesday-Blitz-May-28-2024"]
[Site "Chess.com"]
[Date "2024.05.28"]
[Round "5"]
[White "Aswathchess"]
[Black "Eliwood44"]
[Result "1-0"]
[WhiteElo "2722"]
[BlackElo "2461"]
[TimeControl "180+1"]
[EndTime "8:54:54 PDT"]
[Termination "Aswathchess won by resignation"]

1. e4 e5 2. Nf3 Nc6 3. Bc4 Nf6 4.
d3 Bc5 5. O-O d6 6. c3 a5 7. Re1 h6 8. Nbd2 O-O 9. h3 Re8 10.
Nf1 Ba7 11. Ng3 Be6 12. Bb5 Bd7 13. d4 exd4 14. cxd4 Ne7 15. Bd3 c5 16. e5 dxe5 17. dxe5 Nfd5 18. Ne4 Nb4 19. Bb1 Nf5 20. a3 Nc6 21. Qd3 Nxe5 22. Nxe5 Rxe5 23. Bf4 Re8 24. Bc2 c4 25. Qxc4 Rc8 26. Qd3 Qh4 27. Qxd7 Qxf4 28.
Nf6+ gxf6 29. Rxe8+ Rxe8 30. Qxe8+ Kg7 31. Qe2 Nd4 32.
Qd3 Nxc2 33. Qxc2 Bd4 34. Re1 Qg5 35. Re4 Qd5 36. Rg4+ Kf8 37. Qd2 1-0

[Event "Early-Titled-Tuesday-Blitz-May-28-2024"]
[Site "Chess.com"]
[Date "2024.05.28"]
[Round "5"]
[White "Meri-Arabidze"]
[Black "hsd2016"]
[Result "1-0"]
[WhiteElo "2686"]
[BlackElo "2426"]
[TimeControl "180+1"]
[EndTime "8:54:54 PDT"]
[Termination "Meri-Arabidze won on time"]

1. Nf3 Nf6 2. c4 c6 3. g3 g6 4. Bg2 Bg7 5. O-O O-O 6. d4 d5 7. a4 Bg4 8. Ne5 Bf5 9. a5 dxc4 10. Nxc4 Na6 11. Nc3 Be6 12. b3 Nd5 13. Ne4 h6 14.
Bb2 Qc7 15. e3 Rad8 16. Qe2 Ndb4 17. Rfc1 Bd5 18. h4 Qd7 19. h5 g5 20. Ned2 Bxg2 21. Kxg2 f5 22. Nf3 Qd5 23. Kg1 f4 24. e4 Qe6 25. Nfe5 fxg3 26. fxg3 Qh3 27. Qg4 Qxg4 28.
Nxg4 Rxd4 29. Nxh6+ Kh7 30. Nf5 1-0

[Event "Early-Titled-Tuesday-Blitz-May-28-2024"]
[Site "Chess.com"]
[Date "2024.05.28"]
[Round "5"]
[White "tandaleo"]
[Black "ProtectiveCarrot"]
[Result "0-1"]
[WhiteElo "2556"]
[BlackElo "2440"]
[TimeControl "180+1"]
[EndTime "8:54:54 PDT"]
[Termination "ProtectiveCarrot won by resignation"]

1. Nf3 d5 2. b3 Nf6 3. Bb2 e6 4. e3 Bd6 5. c4 O-O 6. Qc2 c5 7. g4 Nc6 8. g5 Ne4 9. h4 f6 10. Rg1 fxg5 11. Nxg5 Nxg5 12. Rxg5 Rf7 13. Nc3 Nb4 14. Qb1 Be7 15. Rg2 Bxh4 16. a3 Nc6 17. cxd5 exd5 18. Qd3 Be6 19. O-O-O Na5 20. b4 Nb3+ 21. Kc2 Bf5 22. e4 Nd4+ 23. Kc1 dxe4 24.
Qc4 cxb4 25. Nd5 Rc8 26. Bxd4 Qxd5 27. Qxc8+ Bxc8 0-1

[Event "Early-Titled-Tuesday-Blitz-May-28-2024"]
[Site "Chess.com"]
[Date "2024.05.28"]
[Round "5"]
[White "AradNazari"]
[Black "balack95"]
[Result "1-0"]
[WhiteElo "2786"]
[BlackElo "2499"]
[TimeControl "180+1"]
[EndTime "8:54:55 PDT"]
[Termination "AradNazari won by checkmate"]

1. e4 c5 2. Nf3 e6 3. d4 cxd4 4. Nxd4 Nc6 5. Nc3 Qc7 6. Be3 a6 7. Qf3 Nf6 8. O-O-O Ne5 9. Qg3 h5 10. f4 h4 11. Qh3 Neg4 12. e5 Nxe3 13. Qxe3 Ng4 14. Qf3 Nh6 15. g4 hxg3 16. hxg3 Bb4 17. Ne4 d5 18. exd6 Bxd6 19. Nxd6+ Qxd6 20. Nf5 Qxd1+ 21. Qxd1 exf5 22. Bc4 O-O 23. Qd6 b5 24. Bd5 Ra7 25. Qg6 Rd8 26. Rxh6 Rxd5 27. Qh7+ Kf8 28. Qh8+ Ke7 29.
Qxg7 Be6 30. Rh8 Kd7 31. Qf8 Kc6 32. Qb8 Rc7 33. b4 Rd4 34. a3 Rcd7 35. Rc8+ Kd5 36. Qe5# 1-0

[Event "Early-Titled-Tuesday-Blitz-May-28-2024"]
[Site "Chess.com"]
[Date "2024.05.28"]
[Round "5"]
[White "VacheH009"]
[Black "Darius321"]
[Result "1-0"]
[WhiteElo "2544"]
[BlackElo "2351"]
[TimeControl "180+1"]
[EndTime "8:54:56 PDT"]
[Termination "VacheH009 won by resignation"]

1. e4 Nc6 2. Nf3 e5 3. Bb5 Bc5 4. O-O Nf6 5. d3 d6 6. c3 O-O 7. h3 h6 8. Re1 a6 9. Ba4 b5 10. Bc2 Ne7 11. d4 exd4 12. cxd4 Bb4 13. Bd2 Bxd2 14.
Qxd2 Ng6 15. Nc3 c5 16. Rad1 Bb7 17. dxc5 dxc5 18. Qe3 Qc7 19. e5 Rfe8 20. Bxg6 fxg6 21. Qd3 Rad8 22. Qxg6 Rxd1 23. Rxd1 Bxf3 24. exf6 Bc6 25. f7+ Qxf7 26. Qxc6 Kh7 27. Qxc5 Qh5 28. Qxh5 1-0

[Event "Early-Titled-Tuesday-Blitz-May-28-2024"]
[Site "Chess.com"]
[Date "2024.05.28"]
[Round "5"]
[White "chessamical"]
[Black "GM_Huschenbeth"]
[Result "0-1"]
[WhiteElo "2274"]
[BlackElo "2474"]
[TimeControl "180+1"]
[EndTime "8:54:57 PDT"]
[Termination "GM_Huschenbeth won by resignation"]

1. d4 Nf6 2. Bf4 c5 3. d5 Qb6 4. Nc3 Qxb2 5. Bd2 Qb6 6. e4 d6 7. Rb1 Qc7 8. f4 Nbd7 9. Nf3 g6 10. Bc4 Bg7 11. O-O O-O 12. Qe2 Nb6 13. h3 Nxc4 14.
Qxc4 a6 15. a4 e6 16. e5 exd5 17. Nxd5 Nxd5 18. Qxd5 dxe5 19. fxe5 Rd8 20. Qe4 Bf5 21. Qxb7 Qxb7 22. Rxb7 Be4 23. Bg5 Bxb7 0-1

[Event "Early-Titled-Tuesday-Blitz-May-28-2024"]
[Site "Chess.com"]
[Date "2024.05.28"]
[Round "5"]
[White "xasid81"]
[Black "Quattroporte300"]
[Result "1-0"]
[WhiteElo "2575"]
[BlackElo "2393"]
[TimeControl "180+1"]
[EndTime "8:54:58 PDT"]
[Termination "xasid81 won on time"]

1. e4 c5 2. c3 d5 3. exd5 Qxd5 4. d4 Nf6 5. Nf3 e6 6. Na3 Nc6 7. Nb5 Qd8 8. Bf4 Nd5 9. Bg3 a6 10. Na3 Be7 11. dxc5 Bxc5 12. Nc4 O-O 13. Be2 b5 14. Nce5 Nxe5 15. Nxe5 f6 16. Nd3 Bd6 17. Bf3 Bb7 18. O-O Bxg3 19. hxg3 e5 20. Nc5 Bc6 21. Ne6 Qd6 22.
Nxf8 Rxf8 23. b3 Qc5 24. c4 Nc3 25. Qd2 Bxf3 26. Qxc3 Bb7 27. Rfd1 Rc8 28. Rac1 Qc6 29. f3 e4 30. c5 exf3 31. gxf3 h5 32. Kf2 Re8 33.
Re1 Rc8 34. Qe3 Qc7 35. Qe7 Qc6 36. Qe6+ Kf8 37. Qxc6 Bxc6 38. b4 Kf7 39. Rcd1 Rc7 40. Rd6 g6 41. Ree6 1-0

[Event "Early-Titled-Tuesday-Blitz-May-28-2024"]
[Site "Chess.com"]
[Date "2024.05.28"]
[Round "5"]
[White "Gryffindorac8"]
[Black "SharapovEvgeny"]
[Result "1/2-1/2"]
[WhiteElo "2473"]
[BlackElo "2610"]
[TimeControl "180+1"]
[EndTime "8:54:59 PDT"]
[Termination "Game drawn by repetition"]

1. d4 d5 2. c4 c6 3. Nf3 Nf6 4. Nc3 e6 5. g3 Nbd7 6. Bg2 Be7 7. O-O O-O 8. Qd3 b6 9. e4 dxe4 10. Nxe4 Bb7 11. Rd1 c5 12. Nxf6+ Nxf6 13. Bg5 cxd4 14. Nxd4 Bxg2 15. Kxg2 Qc7 16. b3 Rad8 17. Qf3 h6 18. Nb5 Qb8 19. Bf4 e5 20. Be3 e4 21. Qe2 a6 22.
Nc3 Qb7 23. Rxd8 Rxd8 24. Rd1 Rxd1 25. Qxd1 Bc5 26. Bxc5 bxc5 27. Kg1 Qe7 28. Nd5 Nxd5 29. Qxd5 e3 30. fxe3 Qxe3+ 31. Kg2 Qe2+ 32. Kg1 Qxa2 33.
Qxc5 Qxb3 34. Qc8+ Kh7 35. Qf5+ Kg8 36. Qc8+ Kh7 37.
Qf5+ Kg8 38. Qc8+ 1/2-1/2

[Event "Early-Titled-Tuesday-Blitz-May-28-2024"]
[Site "Chess.com"]
[Date "2024.05.28"]
[Round "5"]
[White "alex1531"]
[Black "TERMINATOR_PC"]
[Result "0-1"]
[WhiteElo "2442"]
[BlackElo "2598"]
[TimeControl "180+1"]
[EndTime "8:54:59 PDT"]
[Termination "TERMINATOR_PC won by resignation"]

1. e4 e5 2. Nf3 Nc6 3. Bc4 Nf6 4.
Ng5 d5 5. exd5 Na5 6. d3 h6 7. Nf3 e4 8. Qe2 Nxc4 9. dxc4 Bd6 10. h3 O-O 11. Nd4 c5 12. dxc6 bxc6 13. Be3 c5 14.
Nb3 Qe7 15. Nc3 Be6 16. Nb5 Rfc8 17. Nxd6 Qxd6 18. O-O a5 19. a4 Rab8 20. Rfd1 Qe5 21. Nxa5 Qxb2 22. Nb3 Rxb3 23. Rab1 Qxb1 24. Rxb1 Rxb1+ 25.
Kh2 Ra1 26. Qd2 Rxa4 27. Qd6 Rxc4 0-1

[Event "Early-Titled-Tuesday-Blitz-May-28-2024"]
[Site "Chess.com"]
[Date "2024.05.28"]
[Round "5"]
[White "igorkovalenko"]
[Black "Tagir45"]
[Result "1-0"]
[WhiteElo "2904"]
[BlackElo "2630"]
[TimeControl "180+1"]
[EndTime "8:55:02 PDT"]
[Termination "igorkovalenko won by resignation"]

1. d4 Nf6 2. Nf3 d5 3. e3 e6 4. Bd3 b6 5. b3 Bb7 6. O-O Bd6 7. Ne5 O-O 8. f4 Nc6 9. a3 Ne7 10. Nd2 c5 11. Bb2 Nf5 12. Qf3 Be7 13. Rae1 Nd6 14.
dxc5 bxc5 15. Qh3 Rc8 16. c4 Nfe4 17. Nxe4 dxe4 18. Bc2 f5 19. Rd1 Qe8 20. Rd2 Nf7 21. Nd7 Nd6 22. Nxf8 Bxf8 23. Rfd1 Rc6 24. Qg3 Rb6 25.
Bc3 Nf7 26. h3 Rd6 27. Qe1 Rxd2 28. Qxd2 h6 29. Qd7 Qb8 30. Qxe6 1-0

[Event "Early-Titled-Tuesday-Blitz-May-28-2024"]
[Site "Chess.com"]
[Date "2024.05.28"]
[Round "5"]
[White "PattyCastillo"]
[Black "talaicito"]
[Result "0-1"]
[WhiteElo "1827"]
[BlackElo "2257"]
[TimeControl "180+1"]
[EndTime "8:55:02 PDT"]
[Termination "talaicito won by resignation"]

1. d4 e6 2. Nf3 f5 3. e3 Nf6 4. Bd3 b6 5. O-O Bb7 6. Nbd2 a5 7. b3 Na6 8. a3 Bd6 9. Bb2 O-O 10. Qe2 Ne4 11. Ne5 Rf6 12. f3 Nxd2 13. Qxd2 Rh6 14. Rf2 Qh4 15. g3 Qh5 16. Raf1 Qh3 17. c4 Rf8 18.
Qe2 Bxe5 19. dxe5 Nc5 20. Bc2 Na6 21. Bc3 c5 22. e4 f4 23. g4 Rg6 24. Rg2 h5 25.
gxh5 Rxg2+ 26. Qxg2 Qxh5 27. Rf2 g5 28. Qg4 Qxg4+ 29.
fxg4 Kg7 30. Kg2 Kg6 31. Kf3 Rh8 32. Rg2 Rh3+ 0-1

[Event "Early-Titled-Tuesday-Blitz-May-28-2024"]
[Site "Chess.com"]
[Date "2024.05.28"]
[Round "5"]
[White "HansOnTwitch"]
[Black "dozer80"]
[Result "1-0"]
[WhiteElo "3126"]
[BlackElo "2714"]
[TimeControl "180+1"]
[EndTime "8:55:07 PDT"]
[Termination "HansOnTwitch won by resignation"]

1. e4 c5 2. Nf3 Nc6 3. Bb5 e6 4. O-O Nge7 5. Re1 a6 6. Bf1 d5 7. d3 Ng6 8. Bg5 Be7 9. Bxe7 Ncxe7 10. h4 O-O 11. h5 Nf4 12. h6 g6 13. g3 Nh5 14. Nbd2 Nc6 15. e5 f6 16. Bg2 fxe5 17.
Nxe5 Qf6 18. Ndf3 Nxe5 19. Rxe5 Bd7 20. Qd2 Rae8 21. Rae1 Bc6 22. Ng5 Bd7 23. Bh3 Qd8 24. Bxe6+ Kh8 25. Qc3 d4 26. Qxc5 Qf6 27. Ne4 Qf3 28.
Bxd7 Nf4 29. gxf4 1-0

[Event "Early-Titled-Tuesday-Blitz-May-28-2024"]
[Site "Chess.com"]
[Date "2024.05.28"]
[Round "5"]
[White "MarlonJodar"]
[Black "toninhojit"]
[Result "1-0"]
[WhiteElo "2322"]
[BlackElo "2519"]
[TimeControl "180+1"]
[EndTime "8:55:07 PDT"]
[Termination "MarlonJodar won by resignation"]

1. e4 c5 2. Nf3 d6 3. d4 cxd4 4.
Nxd4 Nf6 5. Nc3 a6 6. Bg5 e6 7. f4 Qc7 8. Bxf6 gxf6 9. Qd2 Qc5 10. O-O-O b5 11. f5 h5 12. Kb1 Bh6 13. Qd3 Nc6 14.
fxe6 fxe6 15. Nb3 Qe5 16. Qxd6 Qxd6 17. Rxd6 Nd8 18. Be2 Bf4 19. Rd3 Bb7 20. a3 Rc8 21.
Rf1 Be5 22. Nd4 Ke7 23. Rfd1 Rc7 24. Rh3 Nf7 25. Rxh5 Rg8 26. Bf3 Rg5 27. Rh7 Kf8 28. Nxe6+ Kg8 29. Nxg5 f5 30. Rxf7 1-0

[Event "Early-Titled-Tuesday-Blitz-May-28-2024"]
[Site "Chess.com"]
[Date "2024.05.28"]
[Round "5"]
[White "microbear"]
[Black "InitiatingASC"]
[Result "0-1"]
[WhiteElo "2289"]
[BlackElo "2428"]
[TimeControl "180+1"]
[EndTime "8:55:10 PDT"]
[Termination "InitiatingASC won by resignation"]

1. e4 e5 2. Nf3 Nf6 3. Bc4 Nc6 4. d3 d5 5. exd5 Nxd5 6. h3 Be7 7. O-O Be6 8. Bxd5 Qxd5 9. Nc3 Qd7 10. Be3 f6 11. d4 exd4 12. Nxd4 Nxd4 13. Qxd4 Qxd4 14. Bxd4 O-O-O 15. Bxa7 b6 16. Rfe1 Rd6 17. Nb5 Kd7 18. Nxd6 Bxd6 19. Re4 Ra8 20. Ra4 Kc6 21. Re1 Bf7 22.
c4 Kb7 23. b3 Rxa7 24. Rxa7+ Kxa7 25. Kf1 Kb7 26. Rd1 Kc6 27. Ke2 Bh5+ 28. Ke3 Bxd1 0-1

[Event "Early-Titled-Tuesday-Blitz-May-28-2024"]
[Site "Chess.com"]
[Date "2024.05.28"]
[Round "5"]
[White "zurzan"]
[Black "chess_sharparchitect"]
[Result "0-1"]
[WhiteElo "2137"]
[BlackElo "2368"]
[TimeControl "180+1"]
[EndTime "8:55:15 PDT"]
[Termination "chess_sharparchitect won by resignation"]

1. Nf3 d5 2. b3 Nf6 3. Bb2 c5 4. e3 e6 5. c4 Nc6 6. Be2 Be7 7.
d3 O-O 8. O-O a6 9. Ne5 Nxe5 10.
Bxe5 b5 11. cxd5 exd5 12. Nd2 Re8 13. Bb2 Bb7 14. Rc1 Rc8 15. Nf3 Bd6 16. h3 h6 17. Re1 Qe7 18. Bf1 Rcd8 19. a3 Nh7 20. Qc2 Ng5 21. Nxg5 Qxg5 22. f4 Qg6 23. Qf2 Bc8 24.
g3 Bf5 25. Rcd1 Re7 26. g4 Bc8 27. Kh1 Bb7 28. Bg2 f5 29. Rg1 fxg4 30. f5 Qh5 31. f6 Rf7 32. h4 g3 33. Qf3 Qxh4+ 0-1

[Event "Early-Titled-Tuesday-Blitz-May-28-2024"]
[Site "Chess.com"]
[Date "2024.05.28"]
[Round "5"]
[White "FoggyMorning"]
[Black "platy3"]
[Result "0-1"]
[WhiteElo "2650"]
[BlackElo "2879"]
[TimeControl "180+1"]
[EndTime "8:55:18 PDT"]
[Termination "platy3 won by resignation"]

1. e4 c5 2. Nf3 e6 3. d4 cxd4 4. Nxd4 Nc6 5. Nc3 Qc7 6. g3 a6 7. Bg2 h5 8. h3 Nf6 9. O-O h4 10.
g4 Nxd4 11. Qxd4 Bc5 12. Qd3 d6 13. Be3 Bd7 14. Rad1 Bc6 15. Bxc5 dxc5 16. Qc4 Nd7 17. f4 b5 18. Qe2 O-O-O 19. a4 b4 20. Na2 Qb7 21. b3 Nf6 22. Rde1 Rd4 23. c3 bxc3 24. Nxc3 Rhd8 25. g5 Ne8 26. Rc1 Nd6 27.
Rfd1 Kb8 28. e5 Nf5 29. Qf2 Bxg2 30. Ne2 Rxd1+ 31. Rxd1 Rxd1+ 0-1

[Event "Early-Titled-Tuesday-Blitz-May-28-2024"]
[Site "Chess.com"]
[Date "2024.05.28"]
[Round "5"]
[White "Goryachkina"]
[Black "Shankland"]
[Result "0-1"]
[WhiteElo "2688"]
[BlackElo "2985"]
[TimeControl "180+1"]
[EndTime "8:55:20 PDT"]
[Termination "Shankland won by resignation"]

1. Nf3 d5 2. g3 g6 3. Bg2 Bg7 4. d4 Nf6 5. c4 c6 6. cxd5 cxd5 7. Nc3 Nc6 8. Ne5 O-O 9. O-O e6 10. Bg5 Qa5 11. Nxc6 bxc6 12. Qd2 Rb8 13. Rac1 Ba6 14. b3 Rfc8 15. Rfe1 Nd7 16. e4 Rb4 17. Na4 Bxd4 18. exd5 cxd5 19. Rxc8+ Bxc8 20. Rc1 Ba6 21. a3 Rxa4 22.
bxa4 Qxa4 23. h4 h5 24. Rc7 Ne5 25. Qf4 Qd1+ 0-1

[Event "Early-Titled-Tuesday-Blitz-May-28-2024"]
[Site "Chess.com"]
[Date "2024.05.28"]
[Round "5"]
[White "OparinGrigoriy"]
[Black "Flawless_Fighter"]
[Result "1-0"]
[WhiteElo "3051"]
[BlackElo "2703"]
[TimeControl "180+1"]
[EndTime "8:55:21 PDT"]
[Termination "OparinGrigoriy won by resignation"]

1. Nc3 d5 2. d4 Nf6 3. Bf4 a6 4. e3 e6 5. g4 Bb4 6. Bd3 c5 7.
dxc5 Nc6 8. Bd6 Nd7 9. a3 Nxc5 10. axb4 Nxd3+ 11. cxd3 Qxd6 12. b5 Ne5 13. Nf3 O-O 14.
Nxe5 Qxe5 15. d4 Qd6 16. O-O Bd7 17. bxa6 Rxa6 18. Qe2 Rfa8 19. Rxa6 Qxa6 20. Qxa6 Rxa6 21. Rc1 Kf8 22. f3 Ke7 23. Kf2 g5 24. e4 Rb6 25.
Rc2 Kd6 26. Ke3 f6 27. h4 h6 28. Rh2 Rb3 29. hxg5 hxg5 30. exd5 exd5 31. Kd3 Bb5+ 32. Kc2 Bc4 33. Rh6 Ke6 34. f4 gxf4 35. g5 Kf5 36. g6 Ke6 37. Rh8 1-0

[Event "Early-Titled-Tuesday-Blitz-May-28-2024"]
[Site "Chess.com"]
[Date "2024.05.28"]
[Round "5"]
[White "simaopdias"]
[Black "maximnovik"]
[Result "0-1"]
[WhiteElo "2250"]
[BlackElo "2534"]
[TimeControl "180+1"]
[EndTime "8:55:23 PDT"]
[Termination "maximnovik won by resignation"]

1. e4 c6 2. d4 d5 3. exd5 cxd5 4. c4 Nf6 5. Nc3 g6 6. cxd5 Nxd5 7. Bc4 Nxc3 8. Qf3 e6 9. bxc3 Bg7 10. Ne2 O-O 11.
O-O Nc6 12. Rd1 Bd7 13. Bf4 Qe7 14. a4 Rac8 15. Rab1 Na5 16. Bb5 Bc6 17. Qg3 Rfd8 18. h4 Bxb5 19. Rxb5 Nc4 20. h5 b6 21.
hxg6 hxg6 22. Re1 Rd5 23. Bc1 Qd7 24. Rb4 a5 25. Rb1 Qxa4 26. Nf4 Rf5 27. Nd3 Qc2 28. Bf4 Qxc3 29. Rec1 Qxd4 30. Be3 Qd7 31. Nf4 Be5 32. Qg4 Nxe3 33. fxe3 Rxc1+ 34. Rxc1 Bxf4 35. exf4 Qd4+ 36. Kh1 Rh5+ 0-1

[Event "Early-Titled-Tuesday-Blitz-May-28-2024"]
[Site "Chess.com"]
[Date "2024.05.28"]
[Round "5"]
[White "Timerkhanov"]
[Black "rasmussvane"]
[Result "1-0"]
[WhiteElo "2747"]
[BlackElo "2953"]
[TimeControl "180+1"]
[EndTime "8:55:24 PDT"]
[Termination "Timerkhanov won by resignation"]

1. d4 d5 2. Nf3 e6 3. g3 Nf6 4.
Bg2 b5 5. O-O Nbd7 6. a4 b4 7. a5 Ba6 8. Re1 c5 9. c3 Be7 10. Ne5 Qc7 11. Bf4 Qb7 12. c4 O-O 13. Bg5 Rfd8 14. cxd5 Nxe5 15. d6 Nc6 16. dxe7 Rxd4 17.
Qc1 Rc4 18. Qe3 Bb5 19. Nd2 Rc2 20. Bxf6 gxf6 21. Ne4 Qxe7 22. Qf4 f5 23. Nd6 e5 24. Qxf5 Qxd6 25. Qxc2 Nd4 26. Qd1 Rd8 27. e3 Ne2+ 28. Kh1 Qd2 29. Bf3 Rd6 30. Bxe2 Qxd1 31. Raxd1 1-0

[Event "Early-Titled-Tuesday-Blitz-May-28-2024"]
[Site "Chess.com"]
[Date "2024.05.28"]
[Round "5"]
[White "Semetey"]
[Black "ab-lsv"]
[Result "0-1"]
[WhiteElo "2534"]
[BlackElo "2364"]
[TimeControl "180+1"]
[EndTime "8:55:24 PDT"]
[Termination "ab-lsv won by checkmate"]

1. Nc3 d5 2. e4 c6 3. Nf3 dxe4 4. Nxe4 Nf6 5. Nxf6+ exf6 6. d4 Bd6 7. Bd3 O-O 8.
h3 Re8+ 9. Be3 Nd7 10. c3 Nb6 11. Qc2 g6 12. O-O-O Nd5 13. Rde1 Bd7 14. Kb1 Nxe3 15. fxe3 f5 16. e4 Bg3 17. Ref1 fxe4 18. Bxe4 Rxe4 19. Ng5 Rf4 20. Rxf4 Bxf4 21. Ne4 Bf5 22. g4 Bxe4 23. Qxe4 Qd5 24. Re1 Qxe4+ 25. Rxe4 Bd6 26. Kc2 Kf8 27. Kd3 Re8 28. Rxe8+ Kxe8 29. Ke4 Ke7 30. c4 f6 31. c5 Bc7 32. d5 cxd5+ 33. Kxd5 Kd7 34. b4 a6 35. a4 Bg3 36. b5 axb5 37.
axb5 f5 38. c6+ bxc6+ 39. bxc6+ Ke7 40. gxf5 gxf5 41. Kc5 Bc7 42. Kd5 Kf6 43. Kc5 Ke5 44. Kb5 Kd5 45. Ka6 Kxc6 46. Ka7 f4 47. Ka8 f3 48. h4 f2 49. h5 f1=Q 50. h6 Qa1# 0-1

[Event "Early-Titled-Tuesday-Blitz-May-28-2024"]
[Site "Chess.com"]
[Date "2024.05.28"]
[Round "5"]
[White "Lily_Schirmbeck"]
[Black "Fore_Man"]
[Result "1/2-1/2"]
[WhiteElo "1726"]
[BlackElo "2243"]
[TimeControl "180+1"]
[EndTime "8:55:24 PDT"]
[Termination "Game drawn by repetition"]

1. d4 d5 2. Nf3 Nf6 3. g3 c6 4.
Bg2 Bg4 5. O-O e6 6. Ne5 Bh5 7. c4 Nbd7 8. cxd5 exd5 9. Nxd7 Qxd7 10. Nc3 Bd6 11. Qb3 O-O 12. Bg5 Be7 13. Na4 Rab8 14.
Rfe1 h6 15. Bf4 Bd6 16. Nc5 Qc7 17. Bxd6 Qxd6 18. e3 Nd7 19. Nd3 Bg6 20. Nf4 Bh7 21. Rac1 Rfe8 22. Qc3 Nb6 23. Bf1 Be4 24. b4 Na4 25.
Qb3 b5 26. Bd3 Bf3 27. Be2 Be4 28. Bd3 Bf3 29. Be2 Be4 30. Bd3 1/2-1/2

[Event "Early-Titled-Tuesday-Blitz-May-28-2024"]
[Site "Chess.com"]
[Date "2024.05.28"]
[Round "5"]
[White "AlexPapasimakopoulos"]
[Black "The_Machine04"]
[Result "1-0"]
[WhiteElo "2631"]
[BlackElo "2797"]
[TimeControl "180+1"]
[EndTime "8:55:26 PDT"]
[Termination "AlexPapasimakopoulos won by checkmate"]

1. d4 d6 2. Nf3 Nf6 3. c4 g6 4. Nc3 Bf5 5. Nh4 Bd7 6. e4 e5 7.
Nf3 Nc6 8. d5 Ne7 9. Be2 Bg7 10.
O-O O-O 11. Ne1 Ne8 12. Be3 f5 13. f3 Nf6 14. Nd3 b6 15. b4 f4 16. Bf2 g5 17.
c5 h5 18. c6 Bc8 19. a4 a6 20.
Kh1 g4 21. Bh4 Ng6 22. Bg5 Qe8 23. Bxf6 Bxf6 24. fxg4 hxg4 25. Bxg4 Kg7 26. a5 b5 27. Nf2 Rh8 28. Bxc8 Rxc8 29. Qg4 Rd8 30. g3 Rh6 31. Rg1 Qf7 32. Ne2 Rdh8 33. Rg2 Rh5 34. gxf4 exf4 35. Nxf4 Rxh2+ 36. Rxh2 Rxh2+ 37. Kxh2 Bxa1 38. Qxg6+ Qxg6 39. Nxg6 Kxg6 40. Kg3 Kg5 41. Nd3 Bc3 42. e5 dxe5 43. d6 e4 44. dxc7 exd3 45. c8=Q d2 46. Qd7 Bxb4 47. c7 d1=Q 48. Qxd1 Bxa5 49. c8=Q b4 50. Qcg4+ Kf6 51. Qde2 b3 52. Qf4+ Kg7 53. Qeg4+ Kh7 54.
Qf7+ Kh8 55. Qfg7# 1-0